 Dungeon Crawl Stone Soup version 0.30-a0-778-g2ef04afb54 (webtiles) character file.

Game seed: 3657332177214541618

35 Mickster the Chopper (level 3, -7/29 HPs)
             Began as a Demigod Gladiator on Feb 16, 2023.
             Mangled by Crazy Yiuf
             ... wielding a +3 quarterstaff of chaos
              (8 damage)
             ... on level 2 of the Dungeon.
             The game lasted 00:18:09 (1349 turns).

Mickster the Chopper (Demigod Gladiator)            Turns: 1349, Time: 00:18:09

Health: -7/29      AC:  9    Str: 16 (19) XL:     3   Next: 2%
Magic:  3/5        EV:  7    Int:  7 (10) God:
Gold:   100        SH:  0    Dex: 19 (21) Spells: 2/2 levels left

rFire   . . .      SeeInvis .    a - +0 war axe
rCold   . . .      Faith    .    (no shield)
rNeg    . . .      Spirit   .    h - +0 chain mail
rPois   +          Reflect  .    c - +0 helmet
rElec   .          Harm     .    (no cloak)
rCorr   .          Rampage  .    (no gloves)
Will    .....                    (no boots) Stlth
                                 (no amulet)
HPRegen 0.24/turn                g - ring of poison resistance
MPRegen 0.09/turn                k - +6 ring of dexterity

@: no status effects
A: high MP 1, forlorn, divine attributes
a: no special abilities


You were on level 2 of the Dungeon.
You visited 1 branch of the dungeon, and saw 2 of its levels.

You collected 100 gold pieces.

Inventory:

Hand Weapons
 a - a +0 war axe (weapon)
 i - a +0 mace
 n - the +1 hammer of Juozugra {freeze, rN+ MP+9}
   (You found it on level 2 of the Dungeon)

   rN:        It protects you from negative energy.
   MP:        It affects your magic capacity (+9).
Missiles
 d - 3 throwing nets (quivered)
 e - a javelin
 f - 13 stones
Armour
 b - a +0 leather armour
 c - a +0 helmet (worn)
 h - a +0 chain mail (worn)
 j - a +0 ring mail
Jewellery
 g - a ring of poison resistance (left hand)
 k - a +6 ring of dexterity (right hand)
 l - a ring of magical power
Potions
 m - a potion of curing


   Skills:
 + Level 2.3 Fighting
 - Level 3.2 Axes
 + Level 1.8 Throwing
 + Level 0.2 Armour
 + Level 3.0 Dodging


You had 2 spell levels left.
You didn't know any spells.
Your spell library contained the following spells:

 Spells                   Type           Power      Damage    Failure   Level
 Cigotuvi's Dreadful Rot  Necr/Pois/Air  0%         N/A       100%        2
 Dispel Undead            Necr           0%         3d6       100%        4
 Death Channel            Necr           0%         N/A       100%        6


Dungeon Overview and Level Annotations

Branches:
Dungeon (2/15)

Annotations:
D:2 Crazy Yiuf


Innate Abilities, Weirdness & Mutations

You have an increased reservoir of magic. (+10% MP)
You shall have no god before yourself.
Your divine heritage dramatically boosts your attributes as you level up.


Message History

Crazy Yiuf shouts!
You see here a +0 hammer.
You see here a +0 hammer.
Found three hammers.
You see here a +0 hammer.
You open the door. You closely miss Crazy Yiuf.
Crazy Yiuf hits you with a +3 quarterstaff of chaos!
You barely miss Crazy Yiuf.
Crazy Yiuf hits you with a +3 quarterstaff of chaos.
You hit Crazy Yiuf.
Crazy Yiuf is lightly wounded.
Crazy Yiuf hits you but does no damage. Crazy Yiuf barely misses you.
You closely miss Crazy Yiuf.
Crazy Yiuf is lightly wounded.
Crazy Yiuf cries, "Trifle canine noodlescoop!"
Crazy Yiuf closely misses you.
You slash Crazy Yiuf!
Crazy Yiuf is heavily wounded.
Crazy Yiuf hits you with a +3 quarterstaff of chaos.
You feel your power leaking away.
You hit Crazy Yiuf.
Crazy Yiuf is severely wounded.
Crazy Yiuf whimpers, "Key!"
Crazy Yiuf hits you with a +3 quarterstaff of chaos.
* * * LOW HITPOINT WARNING * * *
Crazy Yiuf burns you.
* * * LOW HITPOINT WARNING * * *
Crazy Yiuf barely misses you.
You hit Crazy Yiuf.
Crazy Yiuf is severely wounded.
Crazy Yiuf hits you with a +3 quarterstaff of chaos!
* * * LOW HITPOINT WARNING * * *
You hit Crazy Yiuf but do no damage.
Crazy Yiuf is severely wounded.
Crazy Yiuf hits you but does no damage.
You hit Crazy Yiuf.
Crazy Yiuf is severely wounded.
Crazy Yiuf hits you with a +3 quarterstaff of chaos!
You die...

##~. #.. ##...## ~#
.##.# ##'## .# ~~#.#
#.# .###.#.# #.#
~.~~~#.# ### ##.##
#.8~.#.###♣♣♣♣♣
#.###...##
####.#.#.#P)♣.♣♣♣ ###
#.##.....#
~~~~~.......)♣))♣#)))#
#.###...##
.#####....♣P♣♣♣♣@g)).#
#.........
.......).#.♣♣ ♣♣#)))#
#.####.###
##########♣♣ ### #.#
#.# #.# #.# #.# #.#
###.# #.# #.### #.# #
#.## #.### ###..##
#.##.


You could see Crazy Yiuf.

Vanquished Creatures
  A worm (D:2)
  6 bats (D:1)
  4 endoplasms
  2 goblins (D:2)
  A hobgoblin (D:2)
  2 quokkas (D:2)
  3 ball pythons (D:1)
  4 frilled lizards
  4 kobolds
  A rat (D:2)
  A spectral kobold (D:2)
29 creatures vanquished.

Vanquished Creatures (others)
  3 fungi (D:2)
3 creatures vanquished.

Grand Total: 32 creatures vanquished

Notes
Turn   | Place    | Note
-------+----------+-------------------------------------------
     0 | D:1      | Mickster the Demigod Gladiator began the quest for the Orb.
     0 | D:1      | Reached XP level 1. HP: 17/17 MP: 3/3
   296 | D:1      | Reached XP level 2. HP: 24/24 MP: 4/4
  1250 | D:2      | Reached XP level 3. HP: 29/29 MP: 5/5
  1335 | D:2      | Found a runed translucent door.
  1335 | D:2      | Identified the +1 hammer of Juozugra {freeze, rN+ MP+9}
  1337 | D:2      | Noticed Crazy Yiuf
  1347 | D:2      | HP: 1/29 [Crazy Yiuf/+3 quarterstaff of chaos (7)]
  1349 | D:2      | Mangled by Crazy Yiuf

Illustrated notes

Levels and vault maps discovered:
D:1:      dpeg_arrival_rhombi, layout_basic
D:2:      layout_loops_corners, dreamdust_ecumenical_altar_drowned_temple,
          uniq_crazy_yiuf_cottage

Skill      XL: |  1  2 |
---------------+-------+-----
Fighting       | 2 |  2.3
Dodging        | 3 |  3.0
Axes           | 3 |  3.2
Throwing       | |  1.8
Armour         | |  0.2

Action                     || total
---------------------------++-------
  Melee: War axe           ||    93
    Use: Scroll            ||     5
         Potion            ||     5
 Armour: Leather armour    ||    25
         Chain mail        ||    17
         Ring mail         ||     3
  Dodge: Dodged            ||    65

Table legend: (Time is in decaauts)
 A = Elapsed time spent in this place.
 B = Non-inter-level travel time spent in this place.
 C = Inter-level travel time spent in this place.
 D = Time resting spent in this place.
 E = Time spent auto-exploring this place.
 F = Levels seen in this place.
 G = Mean time per level.
                   A        B        C        D        E       F      G
               +--------+--------+--------+--------+--------+-----+--------+
         Total |   1396 |   1283 |    113 |     60 |      0 |   2 |  698.0 |
       Dungeon |   1396 |   1283 |    113 |     60 |      0 |   2 |  698.0 |
               +--------+--------+--------+--------+--------+-----+--------+

Top non-repeatable levels by time:
     D:2: 757 daAuts
     D:1: 638 daAuts
